 Dungeon Crawl Stone Soup version 0.31-a0-175-g9f7f995f2b (webtiles) character file.

Game seed: 3081271050999035591

56 qw the Shooter (level 3, -1/22 HPs)
             Began as a Gargoyle Hunter on June 17, 2023.
             Frozen to death by an endoplasm (3 damage)
             ... on level 2 of the Dungeon.
             The game lasted 00:00:29 (1127 turns).

qw the Shooter (Gargoyle Hunter)                    Turns: 1127, Time: 00:00:29

Health: -1/22      AC:  8    Str: 14    XL:     3   Next: 97%
Magic:  3/3        EV: 10    Int:  9    God:
Gold:   6          SH:  0    Dex: 15    Spells: 2/2 levels left

rFire   . . .        Y - +0 shortbow
rCold   . . .        (shield currently unavailable)
rNeg    + . .        h - +0 ring mail
rPois   inf          (no helmet)
rElec   +            (no cloak)
rCorr   .            (no gloves)
SInv    .            (no boots)
Will    .....        (no amulet)
Stlth   +            e - +4 ring of slaying {mikee}
HPRegen 0.23/turn    (no ring)
MPRegen 0.08/turn

%: no passive effects
@: no status effects
A: sickness immunity, AC +3, negative energy resistance 1, electricity
resistance, torment resistance 1, petrification resistance
a: no special abilities


You were on level 2 of the Dungeon.
You visited 1 branch of the dungeon, and saw 2 of its levels.

You collected 58 gold pieces.
You spent 52 gold pieces at shops.


Innate Abilities, Weirdness & Mutations

You are immune to sickness and miasma.
Your stone body is resilient. (AC +3)
You are immune to poison.
You resist negative energy. (rN+)
You are resistant to electric shocks. (rElec)
You are resistant to unholy torment.
You are immune to petrification.


   Skills:
 + Level 2.9 Fighting
 - Level 5.0 Ranged Weapons
 - Level 1.0 Armour
 - Level 1.5 Dodging
 - Level 1.1 Stealth


You had 2 spell levels left.
You didn't know any spells.
Your spell library was empty.

Inventory:

Hand Weapons
 Y - a +0 shortbow (weapon)
Armour
 h - a +0 ring mail (worn)
Jewellery
 e - a +4 ring of slaying (left hand) {mikee}
Scrolls
 a - a scroll of enchant weapon {unknown}
 c - a scroll of blinking {unknown}
Potions
 b - a potion of lignification {unknown}
 d - a potion of magic {unknown}
 f - a potion of enlightenment {unknown}
 g - a potion of mutation {unknown}
 i - a potion of attraction

Dungeon Overview and Level Annotations

Branches:
Dungeon (2/15)

Altars:
Dithmenos

Shops:
D:2 *


Message History

The endoplasm barely misses you. The kobold hits you but does no damage.
You shoot an arrow.
The arrow hits the kobold but does no damage.
The kobold is heavily wounded.
The kobold hits you with a +0 whip. The endoplasm freezes you.
You are frozen.
You shoot an arrow.
The arrow hits the kobold but does no damage.
The kobold is heavily wounded.
The kobold hits you with a +0 whip.
The endoplasm hits you but does no damage.
You shoot an arrow.
The arrow hits the kobold but does no damage.
The kobold is heavily wounded.
The kobold drinks a potion.
The kobold is healed!
The endoplasm hits you but does no damage.
You shoot an arrow. The arrow hits the endoplasm.
The endoplasm is heavily wounded.
The endoplasm hits you but does no damage.
The kobold hits you but does no damage. The endoplasm freezes you.
You are frozen.
You shoot an arrow. The arrow hits the endoplasm!
You kill the endoplasm!
The endoplasm freezes you.
You are frozen.
The kobold hits you with a +0 whip.
The endoplasm hits you but does no damage.
The kobold hits you with a +0 whip.
You shoot an arrow. The arrow closely misses the kobold.
The endoplasm hits you but does no damage.
The kobold hits you with a +0 whip.
You shoot an arrow. The arrow barely misses the kobold.
The endoplasm hits you but does no damage.
The kobold hits you with a +0 whip.
You shoot an arrow.
The arrow hits the kobold but does no damage.
The endoplasm freezes you.
You are frozen.
You die...

...........'.........'.........##
###.....####.........####...#.###
###..## ##.......## ##..#.###
#.## ##.....## ##...... #.#
##...## ###.### #.# ##'## #.# #.#
#.# #.# #.# ###.####### #.# #.#
#..@....... #.# #.# #.gJK####..
..# #.....# #.# #....... ..#
......#.# ##.#.###... #.#.# ...
#.#.# .#


You could see an endoplasm, a hobgoblin and a kobold.

Vanquished Creatures
  An adder (D:2)
  A dart slug (D:2)
  5 ball pythons
  5 bats
  3 endoplasms
  5 hobgoblins
  6 jackals (D:1)
  A kobold (D:2)
  4 frilled lizards
  6 goblins
  4 rats
41 creatures vanquished.

Notes
Turn   | Place    | Note
-------+----------+-------------------------------------------
     0 | D:1      | qw the Gargoyle Hunter began the quest for the Orb.
     0 | D:1      | Reached XP level 1. HP: 12/12 MP: 1/1
     0 | D:1      | 0 ||| qw: Version: 0.3-a-2-g5ab2908
     0 | D:1      | 0 ||| qw: Game counter: 339
     0 | D:1      | 0 ||| qw: Always use a shield: true
     0 | D:1      | 0 ||| qw: God list: Okawaru
     0 | D:1      | 0 ||| qw: Allow faded altars: false
     0 | D:1      | 0 ||| qw: Do Orc after D:15 true
     0 | D:1      | 0 ||| qw: Do second Lair branch before Depths: true
     0 | D:1      | 0 ||| qw: Lair rune preference: random
     0 | D:1      | 0 ||| qw: Plans: Normal, Zot:1-4, Slime:5, God:TSO, Crypt,
                  | Tomb, Abyss, Pan, Hells, Win
     0 | D:1      | 0 ||| PLANNING D:1-11
    74 | D:1      | Reached XP level 2. HP: 17/17 MP: 2/2
   180 | D:1      | 180 ||| DROPPING scroll of butterflies.
   493 | D:1      | Reached XP level 3. HP: 17/21 MP: 3/3
   501 | D:1      | Reached skill level 5 in Ranged Weapons
   596 | D:1      | 596 ||| UPGRADING to +0 ring mail.
   606 | D:1      | 606 ||| DROPPING +0 leather armour.
   607 | D:1      | 607 ||| UPGRADING to +4 ring of slaying {mikee}.
   608 | D:1      | 608 ||| READING scroll labelled EBISHU DICAE.
   609 | D:1      | 609 ||| READING scroll labelled CETIDIONEL.
   610 | D:1      | 610 ||| READING 3 scrolls labelled BYSENUMUQE.
   628 | D:1      | 628 ||| DRINKING 2 sedimented amethyst potions.
   629 | D:1      | 629 ||| DROPPING 2 scrolls of torment.
   664 | D:2      | Reached skill level 1 in Armour
   681 | D:2      | Found a shadowy altar of Dithmenos.
  1071 | D:2      | Found Mapairr's Assorted Antiques.
  1077 | D:2      | 1077 ||| BUYING fuming orange potion (26 gold).
  1077 | D:2      | Bought a fuming orange potion for 26 gold pieces
  1077 | D:2      | 1077 ||| BUYING lumpy cyan potion (26 gold).
  1077 | D:2      | Bought a lumpy cyan potion for 26 gold pieces
  1077 | D:2      | 1077 ||| SHOPLISTING scroll of identify (58 gold, have 6).
  1077 | D:2      | 1077 ||| SHOPLISTING tapered glass wand (116 gold, have 6).
  1124 | D:2      | HP: 4/22 [kobold/+0 whip (2)]
  1127 | D:2      | Frozen to death by an endoplasm

Levels and vault maps discovered:
D:1:      beargit_arrival_greenhouse, layout_loops_ring,
          nicolae_concentric_dashed_squares_mild, minmay_tetromino_l4
D:2:      layout_loops_corners, basic_altar, serial_shops,
          nicolae_shop_tiny_real_fake_doors, serial_park_tiny_2,
          minmay_small_reverse_x

Skill      XL: |  1  2  3 |
---------------+----------+-----
Ranged Weapons | 5 |  5.0
Armour         | 1 |  1.0
Fighting       | |  2.9
Dodging        | |  1.5
Stealth        | |  1.1

Action                     || total
---------------------------++-------
   Fire: Shortbow          ||   104
    Use: Scroll            ||     3
         Potion            ||     1
 Armour: Leather armour    ||    15
         Ring mail         ||    15
  Dodge: Dodged            ||    22

Table legend:
 A = Non-vault XP
 B = Vault XP
 C = Vault XP percentage of total XP
 D = Non-vault monster count
 E = Vault monster count
 F = Vault count percentage of total count
                 A         B        C        D         E       F
            +---------+---------+-------+---------+---------+-------
      Total |      77 |       4 |   4.9 |      38 |       3 |   7.3
            +---------+---------+-------+---------+---------+-------
        D:1 |      40 |       2 |   4.8 |      24 |       2 |   7.7
        D:2 |      37 |       2 |   5.1 |      14 |       1 |   6.7
            +---------+---------+-------+---------+---------+-------
